 Dungeon Crawl Stone Soup version 0.27-a0-416-gca2cecf3c0 (webtiles) character file.

Game seed: 7071423882872919745

79 dolemite99 the Chopper (level 4, -2/35 HPs)
             Began as a Formicid Fighter on Feb 25, 2021.
             Slain by a gnoll
             ... wielding a +0 spear
              (3 damage)
             ... on level 3 of the Dungeon.
             The game lasted 00:02:09 (1934 turns).

dolemite99 the Chopper (Formicid Fighter)           Turns: 1934, Time: 00:02:09

Health: -2/35      AC:  6    Str: 21    XL:     4   Next: 62%
Magic:  4/4        EV:  7    Int:  8    God:
Gold:   108        SH:  9    Dex: 10    Spells: 3/3 levels left

rFire    + . .     SeeInvis +   a - +0 war axe
rCold    + . .     Faith    .   c - +0 kite shield
rNeg     . . .     Spirit   .   b - +0 scale mail
rPois    +         Reflect  .   (helmet unavailable)
rElec    +         Harm     .   (no cloak)
rCorr    +         Rampage  .   (no gloves)
Will     .....                  (no boots)
Stlth    ..........             (no amulet)
HPRegen  0.11/turn              (no ring)
MPRegen  0.09/turn              (no ring)

@: resistant
A: permanent stasis, dig shafts and tunnels, four strong arms, antennae 3
a: Dig, Shaft Self


You were on level 3 of the Dungeon.
You visited 1 branch of the dungeon, and saw 3 of its levels.

You collected 108 gold pieces.

Inventory:

Hand Weapons
 a - a +0 war axe (weapon)
Missiles
 f - 58 stones
 t - 24 arrows
 u - 4 silver javelins
Armour
 b - a +0 scale mail (worn)
 c - a +0 kite shield (worn)
 e - a +0 buckler
Jewellery
 s - a +6 ring of strength
Scrolls
 g - 2 scrolls of teleportation {unknown}
 h - 3 scrolls of identify {unknown}
 k - a scroll of enchant weapon {unknown}
 m - 2 scrolls of fog {unknown}
 r - 2 scrolls of magic mapping {unknown}
 x - a scroll of fear {unknown}
Potions
 d - a potion of might
 i - 2 potions of heal wounds {unknown}
 l - 2 potions of invisibility {unknown}
 n - a potion of cancellation {unknown}
 o - a potion of curing {unknown}
 p - a potion of haste {unknown}
 q - a potion of degeneration {unknown}
 v - a potion of brilliance {unknown}
 w - a potion of magic {unknown}


   Skills:
 - Level 3.2 Fighting
 + Level 4.5 Axes
 - Level 3.2 Armour
 - Level 3.6 Shields


You had 3 spell levels left.
You didn't know any spells.
Your spell library was empty.

Dungeon Overview and Level Annotations

Branches:
Dungeon (3/15)

Altars:


Innate Abilities, Weirdness & Mutations

You cannot be hasted, slowed, berserked, paralysed or teleported.
You can dig through walls and to a lower floor.
Your four strong arms can wield two-handed weapons with a shield.
You have a pair of large antennae on your head. (SInv)


Message History

You block the adder's attack. x2
You hit the adder but do no damage.
The adder is heavily wounded.
You block the adder's attack. The adder bites you but does no damage.
You barely miss the adder.
The adder is heavily wounded.
The adder bites you. The adder barely misses you.
You slash the adder!
You kill the adder!
The gnoll barely misses you.
You hit the gnoll.
The gnoll is moderately wounded.
You block the gnoll's attack.
You hit the gnoll.
The gnoll is heavily wounded.
The gnoll hits you with a +0 halberd.
You barely miss the gnoll.
The gnoll is heavily wounded.
The gnoll closely misses you.
Your shield prevents you from hitting the gnoll.
The gnoll is heavily wounded.
You block the gnoll's attack.
Your shield and scale mail prevent you from hitting the gnoll.
The gnoll is heavily wounded.
The gnoll hits you with a +0 halberd! The gnoll closely misses you.
You hit the gnoll.
The gnoll is almost dead.
The gnoll hits you with a +0 halberd!
* * * LOW HITPOINT WARNING * * *
You barely miss the gnoll.
The gnoll is almost dead.
The gnoll barely misses you.
You slash the gnoll!
You kill the gnoll!
The gnoll hits you with a +0 spear!
* * * LOW HITPOINT WARNING * * *
It was a potion of resistance.
You feel protected. The gnoll hits you with a +0 spear.
You die...

#.# #.##
######
#.#.##
#.....
#.###.##
#....!##.#
##.####.###
#.....g.##
##........
#.....##g##
##.####.##.
#...{.
##.###.##
.......
##{#@##
####g#.
##g## #{#.
#.# . #.
#.# #g #.
#+#


You could see a gnoll.

Vanquished Creatures
  A gnoll (D:3)
  3 adders
  An ooze (D:2)
  A dart slug (D:1)
  A leopard gecko (D:2)
  A ball python (D:2)
  5 bats
  3 goblins
  4 hobgoblins
  7 kobolds
  A quokka (D:2)
  4 frilled lizards
  5 rats
37 creatures vanquished.

Notes
Turn   | Place    | Note
-------+----------+-------------------------------------------
     0 | D:1      | dolemite99 the Formicid Fighter began the quest for the
                  | Orb.
     0 | D:1      | Reached XP level 1. HP: 18/18 MP: 1/1
   213 | D:1      | Reached XP level 2. HP: 16/24 MP: 2/2
   703 | D:2      | Reached skill level 3 in Axes
   705 | D:2      | Reached XP level 3. HP: 25/29 MP: 3/3
  1031 | D:2      | Reached skill level 4 in Axes
  1031 | D:2      | Reached XP level 4. HP: 35/35 MP: 4/4
  1933 | D:3      | HP: 1/35 [gnoll/+0 spear (9)]
  1934 | D:3      | Slain by a gnoll

Illustrated notes

Levels and vault maps discovered:
D:1:      psy_arrival_spokes, layout_basic, chequers_garden
D:2:      layout_loops_cross, minivault_14
D:3:      minmay_spotlight, layout_loops_corners, serial_glass, glass_columns_b,
          glass_columns_a, glass_columns_c, glass_columns_b,
          minmay_splitting_lines, kennysheep_generic_room_10

Skill      XL: |  1  2  3 |
---------------+----------+-----
Axes           | 3 4 |  4.5
Fighting       | |  3.2
Armour         | |  3.2
Shields        | |  3.6

Action                   |  1- 3 |  4- 6 || total
-------------------------+-------+-------++-------
Melee: War axe           |    51 |    45 ||    96
  Use: Potion            |       |     1 ||     1
Armor: Scale mail        |    38 |    16 ||    54
Dodge: Dodged            |    20 |    13 ||    33
Block: Kite shield       |    23 |    25 ||    48

Table legend: (Time is in decaauts)
 A = Elapsed time spent in this place.
 B = Non-inter-level travel time spent in this place.
 C = Inter-level travel time spent in this place.
 D = Time resting spent in this place.
 E = Time spent auto-exploring this place.
 F = Levels seen in this place.
 G = Mean time per level.
                   A        B        C        D        E       F      G
               +--------+--------+--------+--------+--------+-----+--------+
         Total |   1982 |   1884 |     98 |    327 |   1106 |   3 |  660.7 |
       Dungeon |   1982 |   1884 |     98 |    327 |   1106 |   3 |  660.7 |
               +--------+--------+--------+--------+--------+-----+--------+

Top non-repeatable levels by time:
     D:2: 780 daAuts
     D:1: 690 daAuts
     D:3: 511 daAuts
